 Dungeon Crawl Stone Soup version 0.19-a0-1168-g98094fc (console) character file.

5257 flowsnake the Protected (level 10, 0/64 HPs)
             Began as a Gargoyle Gladiator on Aug 15, 2016.
             Was a Priest of Dithmenos.
             Splashed by a jelly's acid (5 damage)
             ... on level 9 of the Dungeon.
             The game lasted 00:31:50 (7802 turns).

flowsnake the Protected (Gargoyle Gladiator)        Turns: 7802, Time: 00:31:51

Health: 0/64       AC: 19    Str: 22    XL:     10   Next: 62%
Magic:  11/11      EV: 11    Int:  9    God:    Dithmenos [***...]
Gold:   430        SH:  0    Dex: 10    Spells: 0 memorised, 9 levels left

rFire  . . .     SeeInvis .     a - +1 quarterstaff (speed)
rCold  . . .     Gourm    .     A - +2 scale mail {rPois}
rNeg   + . .     Faith    .     (shield currently unavailable)
rPois  ∞         Spirit   .     g - +0 helmet
rElec  +         Dismiss  .     m - +2 cloak
rCorr  .         Reflect  .     B - +0 pair of gloves
MR     .....     Harm     .     (no boots)
Stlth  ++........               C - amulet of rage
                                (no ring)
                                b - ring of flight

@: corroded, wreathed by umbra
A: hooves 1, negative energy resistance 1, electricity resistance, unbreathing,
petrification resistance, rot immunity, AC +7
a: Shadow Step, Renounce Religion, Evoke Berserk Rage, Evoke Flight


You were on level 9 of the Dungeon.
You worshipped Dithmenos.
Dithmenos was most pleased with you.
You were hungry.

You visited 1 branch of the dungeon, and saw 9 of its levels.

You collected 430 gold pieces.

Inventory:

Hand Weapons
 a - a +1 quarterstaff of speed (weapon)
 x - the +1 long sword "Umioph" {slice, *Corrode rElec rC++ rN+ Dex+3, unknown}
   (You found it on level 9 of the Dungeon)

   It inflicts extra damage upon your enemies.
   It affects your dexterity (+3).
   It greatly protects you from cold.
   It insulates you from electricity.
   It protects you from negative energy.
   It may corrode you when you take damage.
Missiles
 d - a throwing net (quivered)
 u - 3 tomahawks of returning
Armour
 g - a +0 helmet (worn)
 k - a +0 plate armour
 m - a +2 cloak (worn)
 A - a +2 scale mail of poison resistance (worn)
 B - a +0 pair of gloves (worn)
 F - a +2 leather armour of positive energy
Jewellery
 b - a ring of flight (left hand)
 C - an amulet of rage (around neck)
Wands
 p - a wand of acid (9/15)
 q - a wand of disintegration (11/24)
 z - a wand of lightning (2/15)
 D - a wand of polymorph (15/24)
 E - a wand of disintegration (9/24)
Scrolls
 o - 2 scrolls of teleportation
 s - a scroll of fear
 v - a scroll of enchant armour
Potions
 e - a potion of berserk rage
 h - 2 potions of mutation
 j - 2 potions of flight
Books
 G - a book of Spatial Translocations

   Spells                             Type                      Level
   a - Apportation                    Translocation                1
   b - Blink                          Translocation                2
   c - Shroud of Golubria             Charms/Translocation         2
   d - Portal Projectile              Translocation                3
   e - Teleport Other                 Translocation                3
   f - Passage of Golubria            Translocation                4
Comestibles
 f - 5 bread rations
 i - 9 chunks of flesh
 l - 4 meat rations
 n - 2 fruits
 r - 8 slices of pizza
 w - 3 beef jerkies


   Skills:
 + Level 7.9 Fighting
 * Level 9.2 Staves
 - Level 2.0 Throwing
 * Level 9.7 Armour
 - Level 2.8 Dodging
 * Level 5.6 Stealth
 - Level 2.2 Invocations
 - Level 1.0 Evocations


You had 9 spell levels left.
You didn't know any spells.

Dungeon Overview and Level Annotations

Branches:
Dungeon (9/15)             Temple (0/1) D:5
   Lair: D:8-11         Orc: D:9-12

Altars:
Cheibriados
Dithmenos
Elyvilon
Fedhas
Kikubaaqudgha
Pakellas
Ru
Sif Muna
Uskayaw
Yredelemnul

Shops:
D:8 *


Innate Abilities, Weirdness & Mutations

You are resistant to torment.
Your stone body is resilient. (AC +7)
You are immune to poison.
You resist negative energy. (rN+)
You are resistant to electric shocks. (rElec)
You can survive without breathing.
You are immune to petrification.
You are immune to rotting.
You have large cloven feet.


Message History

You miss the warg. Your kick misses the warg.
The warg is severely wounded.
The warg barely misses you.
You miss the warg. Your kick misses the warg.
The warg is severely wounded.
The warg closely misses you.
You hit the warg. Your kick misses the warg.
The warg is almost dead.
You barely miss the warg. You kick the warg, but do no damage.
The warg is almost dead.
The warg bites you.
* * * LOW HITPOINT WARNING * * *
You sock the warg!
You kill the warg!
Dithmenos accepts your kill.
You sock the orc!
You kill the orc!
Dithmenos accepts your kill.
You sock the jelly! The acid corrodes you!
Your hands burn!
You die...

█·█ █·█ █·█ ██·██ ···█
█· █··█ █·███··█
█··██)·█ █··██··█
█··██··█ █···█··█
█·█·█··█ █····h·█
██████████████·█†██·█
█···········9J·█·██··█
█·········████·█··██·█·
█···≈≈≈···█ █····hJO···
█···≈≈≈···█ ████·██·o··
█·········█ ··█····
█·····≈···█ █·█ █·
█·········█ ·█
█·········█ ·█
█·········█ ··
█·········█
█·········███
███████·····█ ███▲███·█
█·····█·█


████ ███·≈·≈·█·█ █)·█ You could see a jelly.

Vanquished Creatures
  Erica (D:8)
  Joseph (D:8)
  Sigmund (D:2)
  A wyvern (D:8)
  A human (D:8)
  A hungry ghost (D:8)
  3 hippogriffs
  Grum (D:9)
  Edmund (D:5)
  3 wargs (D:9)
  A water moccasin (D:6)
  2 orc warriors
  A sky beast (D:5)
  A wasp (D:8)
  A phantom (D:6)
  4 ogres
  A centaur (D:6)
  2 wolves (D:9)
  4 giant frogs
  A wyvern skeleton (D:6)
  2 scorpions
  4 wights
  2 jellies
  3 crimson imps
  2 howler monkeys (D:5)
  2 giant frog zombies
  The ghost of 4thArraOfDagon the Sneak, a weakling SpAK of Lugonu (D:3)
  A hound (D:5)
  A centaur skeleton (D:5)
  2 iguanas
  5 orc wizards
  3 worker ants
  A killer bee zombie (D:5)
  4 sheep (D:8)
  A hound skeleton (D:5)
  A howler monkey zombie (D:7)
  4 gnolls
  6 adders
  2 shadow imps (D:8)
  An ooze (D:1)
  3 adder skeletons
  An adder zombie (D:8)
  A worm (D:2)
  4 dart slugs
  9 giant geckos
  18 orcs
  7 giant cockroaches
  7 goblins
  7 hobgoblins
  8 jackals
  4 kobolds
  3 quokkas
  8 bats
  4 giant newts
  12 rats
176 creatures vanquished.

Notes
Turn   | Place    | Note
-------+----------+-------------------------------------------
     0 | D:1      | flowsnake the Gargoyle Gladiator began the quest for the Orb.
     0 | D:1      | Reached XP level 1. HP: 12/12 MP: 1/1
   101 | D:1      | Reached XP level 2. HP: 14/17 MP: 2/2
   351 | D:1      | Reached XP level 3. HP: 16/22 MP: 3/3
   799 | D:2      | Reached XP level 4. HP: 16/28 MP: 4/4
  1003 | D:2      | Reached skill level 1 in Armour
  1188 | D:2      | Found a blossoming altar of Fedhas.
  1398 | D:2      | Found a shadowy altar of Dithmenos.
  1401 | D:2      | Became a worshipper of Dithmenos the Shadowed
  1455 | D:2      | Reached XP level 5. HP: 23/32 MP: 5/5
  1677 | D:2      | Noticed Sigmund
  1730 | D:2      | Killed Sigmund
  1730 | D:2      | Reached XP level 6. HP: 15/38 MP: 6/6
  2025 | D:3      | Noticed 4thArraOfDagon's ghost (weakling SpAK)
  2058 | D:3      | Killed 4thArraOfDagon's ghost
  2767 | D:4      | Reached XP level 7. HP: 36/44 MP: 7/7
  3010 | D:4      | Reached skill level 5 in Staves
  3020 | D:4      | Reached * piety under Dithmenos
  3163 | D:4      | Found a sacrificial altar of Ru.
  3302 | D:4      | Found a white marble altar of Elyvilon.
  3351 | D:4      | Reached skill level 5 in Fighting
  3593 | D:4      | Noticed a hippogriff
  3609 | D:4      | Killed a hippogriff
  3609 | D:4      | Reached skill level 5 in Armour
  3752 | D:5      | Entered Level 5 of the Dungeon
  3797 | D:5      | Noticed Edmund
  3816 | D:5      | Killed Edmund
  3816 | D:5      | Reached XP level 8. HP: 38/50 MP: 8/8
  3924 | D:5      | Reached skill level 1 in Stealth
  3924 | D:5      | Reached skill level 1 in Invocations
  4358 | D:5      | Found a staircase to the Ecumenical Temple.
  4824 | D:6      | Found an ancient bone altar of Kikubaaqudgha.
  4937 | D:6      | Found a deep blue altar of Sif Muna.
  4957 | D:6      | Reached XP level 9. HP: 46/56 MP: 10/10
  5086 | D:6      | Found a snail-covered altar of Cheibriados.
  5126 | D:6      | Reached ** piety under Dithmenos
  5707 | D:7      | Found a hide-covered altar of Uskayaw.
  6231 | D:7      | Found an oddly glowing altar of Pakellas.
  6362 | D:8      | Noticed Erica
  6380 | D:8      | Killed Erica
  6709 | D:8      | Noticed Joseph
  6735 | D:8      | Killed Joseph
  6735 | D:8      | Reached skill level 5 in Stealth
  6735 | D:8      | Reached XP level 10. HP: 47/63 MP: 11/11
  6857 | D:8      | Reached skill level 1 in Evocations
  7066 | D:8      | Found Zubios's General Store.
  7081 | D:8      | Found a hide-covered altar of Uskayaw.
  7556 | D:9      | Reached *** piety under Dithmenos
  7651 | D:9      | Found a basalt altar of Yredelemnul.
  7659 | D:9      | Got a smoking long sword
  7691 | D:9      | Noticed Grum
  7710 | D:9      | Killed Grum
  7789 | D:9      | Gained mutation: You have large cloven feet. [potion of beneficial mutation]
  7802 | D:9      | Splashed by a jelly's acid

Vault maps used:
D:1:      kennysheep_arrival_seaside, minivault_14, st_stairs_4
D:2:      minmay_wonky_spiral, lemuel_doored_altar, old_standard_altar,
          first_bread, uniq_sigmund
D:4:      nicolae_ru_path_of_blood, elyvilon_altar_5, serial_glass,
          glass_columns_a, glass_columns_a
D:5:      serial_co_window_serial, co_window_corner_a, co_window_corner_a,
          co_window_paths_b, co_window_paths_b, co_window_paths_a,
          co_window_paths_c, co_window_2corner, co_window_broadway_c,
          co_window_corner_b, glass_columns_b, glass_columns_c, uniq_edmund
D:6:      kiku_gazebo_garden_becter, nicolae_overflow_crystal_walls,
          cheibriados_altar_1, corner_web_ring
D:7:      kennysheep_mini, lemuel_crystal_altar
D:8:      basic_altar, serial_shops, shop, grunt_livestock,
          nicolae_underground_beach, uniq_erica, uniq_joseph
D:9:      kennysheep_little_box, erik_lair_orcish_takeover, uniq_grum

Skill      XL: |  1  2  3  4  5  6  7  8  9 10 |
---------------+-------------------------------+-----
Throwing       | 2 |  2.0
Fighting       | 3 4 5 6 7 |  7.9
Armour         | 1 3 4 5 7 9 |  9.7
Staves         | 4 5 6 8 9 |  9.2
Stealth        | 2 5 |  5.6
Invocations    | 2 |  2.2
Evocations     | 1 |  1.0
Dodging        | |  2.8

Action                   |  1- 3 |  4- 6 |  7- 9 | 10-12 || total
-------------------------+-------+-------+-------+-------++-------
Melee: Quarterstaff      |   117 |   231 |   413 |   217 ||   978
       War axe           |       |       |    21 |       ||    21
       Kick              |       |       |       |     2 ||     2
Throw: Throwing net      |       |     2 |       |     1 ||     3
Evoke: Wand              |       |       |     5 |       ||     5
  Use: Scroll            |     7 |     3 |     9 |     4 ||    23
       Potion            |       |     1 |     1 |     2 ||     4
 Stab: Sleeping          |       |       |       |     2 ||     2
  Eat: Chunk             |       |     6 |    10 |     4 ||    20
       Fruit             |       |       |     2 |     1 ||     3
       Pizza             |       |       |     1 |       ||     1
Armor: Leather armour    |    51 |       |       |       ||    51
       Ring mail         |    24 |    23 |       |       ||    47
       Plate armour      |       |   116 |   143 |       ||   259
       Scale mail        |       |       |   128 |    66 ||   194
Dodge: Dodged            |    96 |    70 |   216 |   104 ||   486
